 Dungeon Crawl Stone Soup version 0.29-a0-303-ge4682ce883 (webtiles) character file.

Game seed: 3502485545264439688

126 Essalna the Magician (level 5, -1/38 HPs)
             Began as a Djinni Conjurer on Mar 25, 2022.
             Was an Initiate of Makhleb.
             Slain by a river rat (8 damage)
             ... in a sewer.
             The game lasted 00:04:40 (3287 turns).

Essalna the Magician (Djinni Conjurer)              Turns: 3287, Time: 00:04:40

Health: -1/38      AC:  2    Str:  6    XL:     5   Next: 31%
Gold:   148        EV: 12    Int: 21    God:    Makhleb [......] SH:  0 Dex: 12

rFire   + + .      SeeInvis .   (no weapon)
rCold   x . .      Faith    .   (no shield)
rNeg    . . .      Spirit   .   a - +0 robe
rPois   ∞          Reflect  .   (no helmet)
rElec   .          Harm     .   (no cloak)
rCorr   .          Rampage  .   (no gloves)
Will    .....                   (boots unavailable)
Stlth   ++........              (no amulet)
HPRegen 0.12/turn               (no ring)
MPRegen 0.00/turn               (no ring)

@: flying
A: sickness immunity, fire resistance 2, cold vulnerability 1, float, innate
caster, HP casting, extra vitality 1
a: Renounce Religion


You were in a sewer.
You worshipped Makhleb.
Makhleb was noncommittal.
You visited 1 branch of the dungeon, and saw 3 of its levels.
You also visited: Sewer.

You collected 148 gold pieces.

Inventory:

Missiles
 d - a throwing net
Armour
 a - a +0 robe (worn)
Scrolls
 c - 4 scrolls of magic mapping
 h - a scroll of enchant armour {unknown}
 i - a scroll of holy word {unknown}
 j - 2 scrolls of identify {unknown}
 k - a scroll of enchant weapon {unknown}
 l - a scroll of fear {unknown}
Potions
 e - 3 potions of degeneration
 f - 2 potions of brilliance {unknown}
 g - a potion of haste {unknown}


   Skills:
 + Level 2.3 Fighting
 - Level 2.1 Dodging
 + Level 2.7 Stealth
 + Level 3.8 Spellcasting
 + Level 1.0 Invocations


You couldn't memorise any spells.
You knew the following spells:

 Your Spells              Type           Power      Damage    Failure   Level
a - Magic Dart            Conj           80%        1d7       2%          1
b - Searing Ray           Conj           40%        2d5       3%          2
c - Dazzling Flash        Conj/Hex       40%        N/A       8%          3
d - Fulminant Prism       Conj/Hex       10%        3d9       24%         4
e - Iskenderun's Mystic   Conj/Tloc      20%        2d6       24%         4
f - Apportation           Tloc           40%        N/A       2%          1
g - Blink                 Tloc           40%        N/A       3%          2
Your spell library was empty.

Dungeon Overview and Level Annotations

Branches:
Dungeon (3/15)              Sewer (1/1)

Altars:
Makhleb


Innate Abilities, Weirdness & Mutations

You are immune to sickness and miasma.
You are immune to poison.
Your flesh is very heat resistant. (rF++)
You are vulnerable to cold. (rC-)
You float through the air rather than walking.
You learn spells naturally, not from books.
Your magical power is your life essence.
You have superior vitality. (+4 MHP)


Message History

The river rat barely misses you.
The searing ray hits the river rat.
The river rat is severely wounded.
The river rat bites you. The river rat completely misses you.
The river rat bites you but does no damage.
The searing ray hits the river rat!
You kill the river rat!
Makhleb accepts your kill.
You finish channelling your searing ray.
The river rat misses you.
It was a potion of heal wounds.
You feel much better. The river rat closely misses you.
The river rat bites you but does no damage.
The magic dart hits the river rat but does no damage.
The river rat is heavily wounded.
The river rat bites you! x2; The river rat barely misses you.
The river rat barely misses you. The river rat attacks as you move away!
The river rat completely misses you. The river rat attacks as you move away!
The river rat barely misses you. The river rat attacks as you move away!
The river rat closely misses you.
Casting: Magic Dart (safe; 2% risk of failure)
Confirm with . or Enter, or press ? or * to list all spells.
Aiming: Searing Ray (safe; 3% risk of failure)
Press: ? - help, Shift-Dir - straight line, f/p - river rat
Aim: a river rat (water, heavily wounded, 75% to hit)
The searing ray hits the river rat!
You kill the river rat!
Makhleb accepts your kill.
The searing ray hits the river rat.
The river rat is moderately wounded. (Press . to maintain the ray.)
Your Invocations skill increases to level 1!
The searing ray hits the river rat.
The river rat is severely wounded.
The river rat bites you! The river rat bites you.
* * * LOW HITPOINT WARNING * * *
The searing ray misses the river rat.
* * * LOW HITPOINT WARNING * * *
The river rat bites you!
You die...

#≈≈≈#≈.....#
#≈≈≈#..†...#
#≈≈≈.≈.#.†.#
#≈≈≈≈..#...#
#≈≈≈..###..# #≈≈≈..#
#.## #≈≈≈.## ### ≈
#≈≈≈≈###############≈≈
#≈≈≈≈≈.≈≈≈≈@r≈..≈≈≈≈≈.
#≈≈≈≈≈≈≈≈≈≈≈r≈≈≈≈≈≈≈≈≈
#≈≈≈≈≈≈≈.≈≈≈≈≈≈≈≈≈÷≈≈≈
#≈≈≈###≈≈≈####≈≈####≈≈
#≈≈≈# #≈≈≈# #≈.# #≈≈†#
#≈≈≈# #≈≈# #≈≈≈#
#≈≈≈####.†### #≈≈≈#
#≈≈≈##.#..#.# #≈≈≈#
#≈≈.##.'÷.'.#


You could see 2 river rats.

Vanquished Creatures
  4 adders
  2 river rats (Sewer)
  A worm (Sewer)
  10 ball pythons
  5 endoplasms
  2 giant cockroaches
  4 goblins (D:1)
  8 hobgoblins
  5 jackals
  4 kobolds
  4 quokkas
  2 ball python zombies (D:2)
  5 bats
  5 frilled lizards
  A giant cockroach zombie (D:2)
  A quokka skeleton (D:2)
  3 rats
66 creatures vanquished.

Notes
Turn   | Place    | Note
-------+----------+-------------------------------------------
     0 | D:1      | Essalna the Djinni Conjurer began the quest for the Orb.
     0 | D:1      | Reached XP level 1. HP: 15/15 MP: 0/0
   417 | D:1      | Reached XP level 2. HP: 21/22 MP: 0/0
   574 | D:1      | Reached skill level 1 in Fighting
   857 | D:1      | Reached XP level 3. HP: 23/27 MP: 0/0
   857 | D:1      | Learned a level 1 spell: Apportation
  1801 | D:2      | Found a faded altar of an unknown god.
  1939 | D:2      | Reached XP level 4. HP: 21/33 MP: 0/0
  2351 | D:2      | Found a burning altar of Makhleb.
  2380 | D:2      | Became a worshipper of Makhleb the Destroyer
  2655 | D:3      | Found a glowing drain.
  2662 | Sewer    | Entered a sewer
  2997 | Sewer    | Reached XP level 5. HP: 13/38 MP: 0/0
  2997 | Sewer    | Learned a level 2 spell: Blink
  3286 | Sewer    | Reached skill level 1 in Invocations
  3287 | Sewer    | Slain by a river rat

Illustrated notes

Levels and vault maps discovered:
D:1:      dpeg_arrival_snail, layout_basic
D:2:      layout_basic, serial_undead, serial_undead_b, serial_undead_b,
          serial_undead_d, serial_undead_f, serial_undead_e, serial_undead_d,
          ebering_ecumenical_altar_webs, basic_altar
D:3:      layout_basic, grunt_temple_overflow_champion_of_chaos,
          mainiacjoe_overflow_small_starburst, gup_sewer_entry_pipe,
          minmay_surrounded, uniq_crazy_yiuf_cottage
Sewer:    sewer_fruit_machine

Skill      XL: |  1  2  3  4  5 |
---------------+----------------+-----
Fighting       | 1 2 |  2.3
Stealth        | 2 |  2.7
Invocations    | 1 |  1.0
Dodging        | |  2.1
Spellcasting   | |  3.8

Action                   |  1- 3 |  4- 6 || total
-------------------------+-------+-------++-------
 Cast: Magic Dart        |    74 |    62 ||   136
       Searing Ray       |     1 |     2 ||     3
  Use: Scroll            |       |     1 ||     1
       Potion            |       |     1 ||     1
Armor: Robe              |     3 |     7 ||    10
Dodge: Dodged            |    10 |    42 ||    52

Table legend: (Time is in decaauts)
 A = Elapsed time spent in this place.
 B = Non-inter-level travel time spent in this place.
 C = Inter-level travel time spent in this place.
 D = Time resting spent in this place.
 E = Time spent auto-exploring this place.
 F = Levels seen in this place.
 G = Mean time per level.
                   A        B        C        D        E       F      G
               +--------+--------+--------+--------+--------+-----+--------+
         Total |   3286 |   3229 |     57 |      0 |   2938 |   4 |  821.5 |
       Dungeon |   2661 |   2604 |     57 |      0 |   2399 |   3 |  887.0 |
         Sewer |    624 |    624 |      0 |      0 |    539 |   1 |  624.0 |
               +--------+--------+--------+--------+--------+-----+--------+

Top non-repeatable levels by time:
     D:1: 1735 daAuts
     D:2: 884 daAuts
   Sewer: 624 daAuts
     D:3: 41 daAuts
